 Dungeon Sprint DCSS version 0.18-a0-33-g9e10395 (console) character file.

6350250 Kellhus the End of an Era (level 27, 211/249 HPs)
             Began as a Demonspawn Monk on Nov 5, 2015.
             Was the Champion of Qazlal.
             Escaped with the Orb!
             The game lasted 01:12:54 (7958 turns).

Kellhus the End of an Era (Demonspawn Monk)         Turns: 7958, Time: 01:12:54

Health: 211/249    AC: 54    Str: 28    XL:     27
Magic:  47/54      EV: 57    Int: 23    God:    Qazlal [******]
Gold:   13402      SH: 46    Dex: 37    Spells: 6 memorised, 52 levels left

rFire  + + +     SeeInvis +       - Unarmed
rCold  + + +     Clarity  .     Z - +10 pearl dragon armour
rNeg   + + +     SustAt   .     Y - +8 large shield of the Onion {-Tele Int+4}
rPois  +         Gourm    .     (helmet unavailable)
rElec  +         Spirit   .     C - +1 cloak of Resourcefulness {rC+ Regen+ Str+5 Dex+2}
rCorr  +         Warding  .     B - +1 pair of gloves "Ratyut" {rF++ rC+ Stlth-}
rMut   +         NoTele   +     E - +4 pair of boots of the Slug {*Contam rElec Regen+ rCorr}
MR     ++...                    r - amulet of Torah {rMut +Blink Str+4 Int+3}
Stlth  +.........               v - ring "Guoz" {rN++ Str-3 Dex+5 Slay+4}
                                u - ring "Vefuv" {rC+ EV+4 Str+4 SInv}

@: mighty, brilliant, agile, phasing, resistant, protected from fire, very
slightly contaminated, hasted, studying Short Blades, repel missiles, very
quick, very resistant to hostile enchantments, very unstealthy
A: horns 3, rough black scales 3, demonic guardian 3, foul stench 2,
augmentation 3, rot immunity
a: Upheaval, Elemental Force, Disaster Area, Renounce Religion, Evoke Blink
0: Orb of Zot
}: 10/15 runes: serpentine, barnacled, slimy, silver, bone, demonic, glowing,
magical, fiery, mossy


You escaped.
You worshipped Qazlal.
Qazlal was exalted by your worship.
You were not hungry.

You visited 1 branch You collected 45250 gold pieces.
You spent 31848 gold pieces at shops.

Inventory:

Hand Weapons
 D - the +6 Sword of Cerebov {flame}
   (You took it off Cerebov in the Dungeon)

   It has been specially enchanted to burn those struck by it, causing extra
   injury to most foes and up to half again as much damage against particularly
   susceptible opponents.
   Big, fiery blades are also staple armaments of hydra-hunters.
Missiles
 y - a throwing net (quivered)
Armour
 B - the +1 pair of gloves "Ratyut" (worn) {rF++ rC+ Stlth-}
   (You bought it in a shop in the Dungeon)

   It greatly protects you from fire.
   It protects you from cold.
   It makes you less stealthy.
 C - the +1 cloak of Resourcefulness (worn) {rC+ Regen+ Str+5 Dex+2}
   (You bought it in a shop in the Dungeon)

   It affects your strength (+5).
   It affects your dexterity (+2).
   It protects you from cold.
   It increases your rate of regeneration.
 E - the +4 pair of boots of the Slug (worn) {*Contam rElec Regen+ rCorr}
   (You bought it in a shop in the Dungeon)

   It insulates you from electricity.
   It causes magical contamination when unequipped.
   It increases your rate of regeneration.
   It protects you from acid and corrosion.
 W - the +2 shield of the Barracuda {rElec}
   (You bought it in a shop in the Dungeon)

   It insulates you from electricity.
 X - the +0 buckler of Zoepiklu {rElec Str+4 Int+5}
   (You bought it in a shop in the Dungeon)

   It affects your strength (+4).
   It affects your intelligence (+5).
   It insulates you from electricity.
 Y - the +8 large shield of the Onion (worn) {-Tele Int+4}
   (You bought it in a shop in the Dungeon)

   It affects your intelligence (+4).
   It prevents most forms of teleportation.
 Z - a +10 pearl dragon armour (worn)
Magical Staves
 b - an uncursed staff of wizardry
Rods
 n - a +2 rod of shadows (9/9)
   (You found it in the Dungeon)
Jewellery
 r - the amulet of Torah (around neck) {rMut +Blink Str+4 Int+3}
   (You bought it in a shop in the Dungeon)

   [amulet of resist mutation]

   It protects you from mutation.
   It affects your strength (+4).
   It affects your intelligence (+3).
   It lets you blink.
 u - the ring "Vefuv" (left hand) {rC+ EV+4 Str+4 SInv}
   (You bought it in a shop in the Dungeon)

   [ring of evasion]

   It affects your evasion (+4).
   It affects your strength (+4).
   It protects you from cold.
   It lets you see invisible.
 v - the ring "Guoz" (right hand) {rN++ Str-3 Dex+5 Slay+4}
   (You bought it in a shop in the Dungeon)

   [ring of slaying]

   It affects your strength (-3).
   It affects your dexterity (+5).
   It affects your accuracy and damage with ranged weapons and melee attacks
   (+4).
   It greatly protects you from negative energy.
Wands
 j - a wand of cold (3)
 N - a wand of hasting (5)
 O - a wand of heal wounds (5)
Scrolls
 h - 28 scrolls of blinking
 l - 27 scrolls of fog
 o - 12 scrolls of remove curse
 H - 3 scrolls of vulnerability
 I - 2 scrolls of identify
 M - 18 scrolls of recharging
 S - 2 scrolls of enchant armour
Potions
 c - 18 potions of curing
 d - 29 potions of heal wounds
 e - 18 potions of haste
 f - 26 potions of magic
 g - a potion of berserk rage
 i - 23 potions of resistance
 P - 8 potions of might
 Q - 10 potions of agility
 R - 12 potions of cure mutation
 U - 11 potions of brilliance
 V - a potion of flight
Books
 z - a book of Enchantments

   Spells                             Type                      Level
   a - Cause Fear                     Hexes                        4
   b - Silence                        Hexes/Air                    5
   c - Deflect Missiles               Charms/Air                   6
   d - Haste                          Charms                       6
   e - Discord                        Hexes                        8
 A - a Necronomicon

   Spells                             Type                      Level
   a - Haunt                          Necromancy/Summoning         7
   b - Borgnjor's Revivification      Necromancy                   8
   c - Death's Door                   Charms/Necromancy            8
   d - Necromutation                  Transmutation/Necromancy     8
 F - a manual of Short Blades
Miscellaneous
 K - a quad damage
 L - a quad damage
 T - a fan of gales
Comestibles
 G - 14 royal jellies


   Skills:
 O Level 27 Fighting
 O Level 27 Armour
 O Level 27 Dodging
 - Level 1.7 Stealth
 O Level 27 Shields
 O Level 27 Unarmed Combat
 O Level 27 Spellcasting
 O Level 27 Necromancy
 - Level 18.0 Translocations
 + Level 23.8 Transmutations
 O Level 27 Invocations


You had 52 spell levels left.
You knew the following spells:

 Your Spells              Type           Power        Failure   Level  Hunger
h - Haste                 Chrm           #######.     45%         6    None
l - Blink                 Tloc           N/A          0%          2    None
n - Necromutation         Trmt/Necr      #########.   1%          8    #####..
p - Phase Shift           Tloc           ########..   1%          5    None
r - Deflect Missiles      Chrm/Air       #######...   45%         6    None
A - Apportation           Tloc           ########..   0%          1    None


Dungeon Overview and Level Annotations

Branches:
Dungeon (1/1)

Altars:
Cheibriados
Dithmenos
Fedhas
Gozag
Kikubaaqudgha
Makhleb
Okawaru
Qazlal
Ru
Sif Muna
Trog
Vehumet
Xom
Yredelemnul
Zin
The Shining One
Jiyva
Lugonu

Shops:
D [%??*?*:[((!!


Innate Abilities, Weirdness & Mutations

You have a pair of large horns on your head.
You are completely covered in rough black scales (AC +10, Dex -3).
A powerful demonic guardian rushes to your aid.
You frequently emit foul miasma when damaged in melee.
Your magical and physical power is greatly enhanced at high health.
You are immune to rotting.


Message History

Your reaper is engulfed in roaring flames.
Your reaper dies!
You are very lightly contaminated with residual magic.
Unknown command.
Drink which item? (? for menu, Esc to quit)
You feel protected.
You are engulfed in roaring flames.
You resist.
You feel more protected from fire.
Unknown command.
Unknown command.
Drink which item? (? for menu, Esc to quit)
Okay, then.
Casting: Phase Shift
Confirm with . or Enter, or press ? or * to list all spells.
Okay, then.
You are engulfed in roaring flames.
You resist.
You feel more protected from fire.
The fire vortex is engulfed in freezing vapours.
The fire vortex dissipates!
You have escaped!

#_.....[(_# ###....).[..###
#⌠.....(.....[#
######)8)(....)..8.######
##∩.._...).)&##....(.___∩##
###"(.[.).[)8.[##(8........∩###
##.....)......§(##))...........##
#⌠[..(....[.###§§v###..§.......⌠#
#⌠..)[......###v@§###.§≈≈≈.(...⌠#
#⌠..[....)...##§[vv##≈)≈≈(.....⌠#
##...[))..)..[§§))§)..≈)≈......##
###∩........8.[##.8.(..≈§[.∩###
##∩___.....)[##.....(__.∩##
######.8.[v.[§)..8.######
#[....[.§≈...⌠# ###....[.§..###
#_...§§.≈≈#


You could see Muont.

Vanquished Creatures
  Cerebov (D)
  Ereshkigal (D)
  Mnoleg (D)
  Lom Lobon (D)
  Tiamat (D)
  2 orbs of fire (D)
  A pandemonium lord (D)
  An acid blob (D)
  3 ancient liches (D)
  Boris (twice) (D)
  2 shard shrikes (shapeshifter) (D)
  A Killer Klown (D)
  2 caustic shrikes (shapeshifter) (D)
  Polyphemus (D)
  4 golden dragons (shapeshifter) (D)
  5 golden dragons (D)
  An electric golem (D)
  A Brimstone Fiend (D)
  2 tentacled monstrosities (D)
  An Ice Fiend (D)
  5 Orb Guardians (D)
  6 quicksilver dragons (D)
  2 titans (shapeshifter) (D)
  9 titans (D)
  6 liches (D)
  An Executioner (D)
  A sphinx (D)
  3 eldritch tentacles (D)
  7 shadow dragons (D)
  An ancient champion (D)
  A shadow dragon (shapeshifter) (D)
  6 storm dragons (D)
  2 draconian monks (D)
  A draconian knight (D)
  3 fire giants (D)
  A revenant (D)
  A fire giant (shapeshifter) (D)
  2 curse skulls (D)
  2 iron dragons (D)
  A draconian shifter (D)
  A frost giant (D)
  A draconian zealot (D)
  6 ghost moths (D)
  4 reapers (D)
  A draconian annihilator (D)
  3 vampire knights (D)
  6 stone giants (D)
  4 draconian callers (D)
  A stone giant (shapeshifter) (D)
  An anaconda (D)
  9 lorocyprocas (D)
  A red draconian (D)
  A purple draconian (D)
  2 mottled draconians (D)
  3 vault guards (D)
  A mummy priest (D)
  17 green deaths (D)
  4 blizzard demons (D)
  A fire dragon (D)
  3 yaktaur captains (D)
  4 hydras (D)
  An anaconda (shapeshifter) (D)
  An alligator snapping turtle (shapeshifter) (D)
  9 spriggan air magi (D)
  An alligator (shapeshifter) (D)
  A satyr (shapeshifter) (D)
  2 ogre magi (D)
  2 soul eaters (D)
  A hell hog (D)
  3 vampire magi (D)
  2 death yaks (shapeshifter) (D)
  3 sun demons (D)
  10 death drakes (D)
  An iron troll (shapeshifter) (D)
  12 shadow wraiths (D)
  A fire crab (shapeshifter) (D)
  A skeletal warrior (D)
  A sea snake (shapeshifter) (D)
  3 ice devils (D)
  A lindwurm (shapeshifter) (D)
  9 unseen horrors (D)
  2 harpies (shapeshifter) (D)
  An orb spider (shapeshifter) (D)
  3 hill giants (D)
  A phantasmal warrior (D)
  7 swamp dragons (D)
  A mana viper (shapeshifter) (D)
  2 anubis guards (shapeshifter) (D)
  A faun (shapeshifter) (D)
  3 necromancers (D)
  A griffon (D)
  31 shining eyes (D)
  A shining eye (shapeshifter) (D)
  2 sixfirhies (D)
  A torpor snail (shapeshifter) (D)
  A black mamba (D)
  2 spiny frogs (D)
  50 smoke demons (D)
  2 rust devils (D)
  A torpor snail (D)
  2 naga magi (D)
  3 komodo dragons (D)
  A fire drake (shapeshifter) (D)
  5 yaktaurs (D)
  14 tormentors (D)
  4 fire drakes (D)
  A queen bee (shapeshifter) (D)
  5 hellwings (D)
  2 guardian mummies (D)
  2 blue devils (D)
  2 merfolk (shapeshifter) (D)
  4 red devils (D)
  A wind drake (D)
  A two-headed ogre (shapeshifter) (D)
  A boulder beetle (shapeshifter) (D)
  2 giant leeches (D)
  A flying skull (D)
  2 redbacks (shapeshifter) (D)
  A hog (shapeshifter) (D)
  A tarantella (shapeshifter) (D)
  2 wraiths (D)
  A hippogriff (D)
  2 ynoxinuls (D)
  3 deep elf magi (D)
  2 air elementals (D)
  A basilisk (D)
  A vampire mosquito (D)
  3 steam dragons (D)
  A chaos spawn (D)
  2 neqoxecs (D)
  A mottled dragon (D)
  A naga (D)
  A water moccasin (D)
  An insubstantial wisp (D)
  A soldier ant (shapeshifter) (D)
  3 swamp drakes (D)
  5 sky beasts (D)
  4 ice beasts (D)
  A tengu (shapeshifter) (D)
  A giant frog (D)
  A gnoll sergeant (D)
  A brain worm (shapeshifter) (D)
  2 wights (D)
  3 jellies (D)
  A lightning spire (D)
  4 mummies (D)
  5 gnolls (D)
  2 oozes (D)
  2 spectral bats (D)
  A ball python simulacrum (D)
  A giant gecko simulacrum (D)
  A spectral giant cockroach (D)
  12 fire vortices (D)
475 creatures vanquished.

Vanquished Creatures (collateral kills)
  A vault guard (D)
  Agnes (D)
  A golden dragon (D)
  An electric golem (D)
  A lich (D)
  2 Orb Guardians (D)
  A titan (D)
  A shadow dragon (shapeshifter) (D)
  An iron dragon (shapeshifter) (D)
  A dire elephant (D)
  3 lorocyprocas (D)
  3 spriggan air magi (D)
  3 unseen horrors (D)
  A phantasmal warrior (D)
  2 yaktaurs (D)
  A hellwing (D)
  A wight (D)
25 creatures vanquished.

Vanquished Creatures (others)
  An ancient lich (D)
  An Orb Guardian (D)
  A slime creature (D)
  33 eldritch tentacle segments (D)
36 creatures vanquished.

Grand Total: 536 creatures vanquished

Notes
Turn   | Place    | Note
--------------------------------------------------------------
     0 | D        | Kellhus the Demonspawn Monk began the quest for the Orb.
     0 | D        | Reached XP level 1. HP: 18/18 MP: 1/1
     3 | D        | Found a deep blue altar of Sif Muna.
     4 | D        | Found a radiant altar of Vehumet.
     4 | D        | Found an iron altar of Okawaru.
     5 | D        | Found a stormy altar of Qazlal.
     5 | D        | Round 1.
     6 | D        | Found a corrupted altar of Lugonu.
     6 | D        | Found a blossoming altar of Fedhas.
     6 | D        | Found Raxohur's Weapon Rack.
     6 | D        | Found Deloipu's Premium Goods.
     7 | D        | Found Qopiy's Basic Armour.
     7 | D        | Found Worhuha's Miscellaneous Merchandise.
     9 | D        | Found a burning altar of Makhleb.
    13 | D        | Became a worshipper of Qazlal Stormbringer
    13 | D        | Reached * piety under Qazlal
    13 | D        | Reached ** piety under Qazlal
    17 | D        | Found a bloodstained altar of Trog.
    18 | D        | Found a sacrificial altar of Ru.
    18 | D        | Found Plog's Identification Station.
    19 | D        | Found Lentestri's Advanced Armour.
    19 | D        | Found Osutotox's Jewellery.
    20 | D        | Found a glowing golden altar of the Shining One.
    20 | D        | Found Doockosi's Bee Food.
    24 | D        | Found an ancient bone altar of Kikubaaqudgha.
    25 | D        | Found a shimmering altar of Xom.
    26 | D        | Found a basalt altar of Yredelemnul.
    27 | D        | Found Liys's Magic Scroll Shop.
    28 | D        | Found a shadowy altar of Dithmenos.
    28 | D        | Found a viscous altar of Jiyva.
    28 | D        | Found Piweog's Staff Store.
    28 | D        | Found Wianliuc's Magic Scroll Shop.
    28 | D        | Found Pataong's Must-Have Magic.
    33 | D        | Reached skill level 4 in Unarmed Combat
    70 | D        | Found a snail-covered altar of Cheibriados.
    71 | D        | Found a glowing silver altar of Zin.
    72 | D        | Found an opulent altar of Gozag.
    73 | D        | Found Ofust's Distillery.
    74 | D        | Found Baem's Distillery.
    74 | D        | Found Diofyxuts's Bottled Wisdom.
    75 | D        | Found Gujyditt's Do-It-Yourself Clinic.
   132 | D        | Noticed a jelly
   132 | D        | Noticed a jelly
   134 | D        | Noticed a jelly
   145 | D        | Killed a jelly
   145 | D        | Reached skill level 5 in Unarmed Combat
   145 | D        | Gained mutation: You have a pair of small horns on your head. [demonic ancestry]
   145 | D        | Reached XP level 2. HP: 24/24 MP: 1/5
   145 | D        | Reached XP level 3. HP: 29/29 MP: 1/6
   145 | D        | Reached skill level 6 in Unarmed Combat
   147 | D        | Reached *** piety under Qazlal
   147 | D        | Reached XP level 4. HP: 35/35 MP: 1/8
   150 | D        | Arena points: 12 (+12) [x2]
   150 | D        | Reached skill level 7 in Unarmed Combat
   198 | D        | Round 2.
   250 | D        | Reached skill level 8 in Invocations
   277 | D        | Reached **** piety under Qazlal
   277 | D        | Reached XP level 5. HP: 15/41 MP: 11/11
   296 | D        | Arena points: 54 (+42) [x3]
   296 | D        | Reached skill level 10 in Invocations
   359 | D        | Round 3.
   360 | D        | Noticed an ice beast
   379 | D        | Killed an ice beast
   379 | D        | Reached skill level 11 in Invocations
   379 | D        | Gained mutation: A weak demonic guardian rushes to your aid. [demonic ancestry]
   379 | D        | Reached XP level 6. HP: 33/47 MP: 12/14
   410 | D        | Reached skill level 10 in Unarmed Combat
   410 | D        | Reached skill level 12 in Invocations
   470 | D        | Arena points: 138 (+84) [x4]
   470 | D        | Reached skill level 13 in Invocations
   470 | D        | Reached XP level 7. HP: 33/52 MP: 16/16
   522 | D        | Round 4.
   545 | D        | Reached ***** piety under Qazlal
   653 | D        | Noticed a wraith
   657 | D        | Killed a wraith
   657 | D        | Reached skill level 14 in Invocations
   672 | D        | Arena points: 298 (+160) [x5]
   707 | D        | Round 5.
   727 | D        | Noticed a black mamba
   731 | D        | Killed a black mamba
   731 | D        | Reached skill level 15 in Invocations
   731 | D        | Gained mutation: You have a pair of horns on your head. [demonic ancestry]
   731 | D        | Reached XP level 8. HP: 39/58 MP: 13/19
   765 | D        | Noticed a naga sharpshooter
   766 | D        | Noticed a giant anaconda
   768 | D        | Killed a giant anaconda
   768 | D        | Arena points: 578 (+280) [x7]
   768 | D        | Reached skill level 17 in Invocations
   768 | D        | Gained mutation: You are immune to rotting. [demonic ancestry]
   768 | D        | Reached XP level 9. HP: 49/63 MP: 10/21
   775 | D        | Got a serpentine rune of Zot
   776 | D        | Identified a +2 rod of shadows (9/9) (You found it in the Dungeon)
   778 | D        | Reached skill level 5 in Fighting
   778 | D        | Reached skill level 5 in Dodging
   778 | D        | Gained mutation: You are partially covered in rough black scales (AC +4, Dex -1). [demonic ancestry]
   778 | D        | Reached XP level 10. HP: 56/76 MP: 5/22
   899 | D        | Bought 15 scrolls of remove curse for 450 gold pieces
   920 | D        | Bought a slimy wooden ring for 45 gold pieces
   920 | D        | Bought a brightly glowing glass ring for 45 gold pieces
   920 | D        | Identified the ring "Velaov Eddu" {rN+ Int+9} (You bought it in a shop in the Dungeon)
   921 | D        | Identified the ring of Inets {rPois MP+9 SInv} (You bought it in a shop in the Dungeon)
   922 | D        | Bought a shimmering tin amulet for 45 gold pieces
   922 | D        | Identified the amulet of Torah {rMut +Blink Str+4 Int+3} (You bought it in a shop in the Dungeon)
   935 | D        | Bought a fine amber ring for 45 gold pieces
   936 | D        | Identified the ring "Cyudoh" {Str+6 Int-3 Dex+3} (You bought it in a shop in the Dungeon)
   937 | D        | Bought a glittering copper ring for 45 gold pieces
   938 | D        | Identified the ring of Jealousy {rC+ Str-3 Int+2 SInv} (You bought it in a shop in the Dungeon)
   939 | D        | Bought a twitching iron ring for 45 gold pieces
   940 | D        | Identified the ring "Vefuv" {rC+ EV+4 Str+4 SInv} (You bought it in a shop in the Dungeon)
   941 | D        | Bought a fine copper ring for 45 gold pieces
   942 | D        | Identified the ring "Guoz" {rN++ Str-3 Dex+5 Slay+4} (You bought it in a shop in the Dungeon)
   956 | D        | Round 6.
   999 | D        | Noticed a griffon
  1004 | D        | Killed a griffon
  1018 | D        | Reached skill level 18 in Invocations
  1041 | D        | Reached ****** piety under Qazlal
  1055 | D        | Arena points: 1010 (+432) [x8]
  1092 | D        | Round 7.
  1112 | D        | Noticed a swamp dragon
  1113 | D        | Killed a swamp dragon
  1163 | D        | Arena points: 1451 (+441) [x9]
  1163 | D        | Reached skill level 19 in Invocations
  1163 | D        | Gained mutation: You have a pair of large horns on your head. [demonic ancestry]
  1163 | D        | Reached XP level 11. HP: 42/87 MP: 18/24
  1178 | D        | Round 8.
  1286 | D        | Reached skill level 15 in Unarmed Combat
  1316 | D        | Arena points: 2171 (+720) [x10]
  1379 | D        | Round 9.
  1449 | D        | Reached skill level 10 in Fighting
  1484 | D        | Bought a quicksilver dragon armour for 720 gold pieces
  1519 | D        | Arena points: 3260 (+1089) [x11]
  1549 | D        | Round 10.
  1554 | D        | Noticed Polyphemus
  1590 | D        | Killed Polyphemus
  1590 | D        | Arena points: 4430 (+1170) [x13]
  1590 | D        | Reached skill level 10 in Dodging
  1590 | D        | Reached skill level 20 in Invocations
  1594 | D        | Got a barnacled rune of Zot
  1604 | D        | Bought a pair of faintly humming gloves for 332 gold pieces
  1609 | D        | Identified the +1 pair of gloves "Ratyut" {rF++ rC+ Stlth-} (You bought it in a shop in the Dungeon)
  1609 | D        | Bought a pair of transparent boots for 332 gold pieces
  1614 | D        | Identified the cursed +0 pair of boots "Latabil" {Int+2} (You bought it in a shop in the Dungeon)
  1614 | D        | Bought a scorched cloak for 332 gold pieces
  1619 | D        | Identified the +1 cloak of Resourcefulness {rC+ Regen+ Str+5 Dex+2} (You bought it in a shop in the Dungeon)
  1620 | D        | Bought a pair of slimy boots for 332 gold pieces
  1630 | D        | Identified the +4 pair of boots of the Slug {*Contam rElec Regen+ rCorr} (You bought it in a shop in the Dungeon)
  1679 | D        | Gained mutation: You are mostly covered in rough black scales (AC +7, Dex -2). [demonic ancestry]
  1679 | D        | Reached XP level 12. HP: 100/100 MP: 17/26
  1774 | D        | Round 11.
  1870 | D        | Noticed a sphinx
  1871 | D        | Noticed a mummy priest
  1872 | D        | Killed a mummy priest
  1872 | D        | Reached skill level 5 in Armour
  1881 | D        | Killed a sphinx
  1909 | D        | Arena points: 5816 (+1386) [x14]
  1916 | D        | Bought 3 royal jellies for 24 gold pieces
  1916 | D        | Bought 3 royal jellies for 24 gold pieces
  1978 | D        | Round 12.
  1988 | D        | Noticed an iron dragon
  1999 | D        | Noticed Roxanne
  2045 | D        | Arena points: 5996 (+180) [x15]
  2045 | D        | Reached skill level 21 in Invocations
  2045 | D        | Reached XP level 13. HP: 107/107 MP: 27/27
  2060 | D        | Round 13.
  2133 | D        | Arena points: 8076 (+2080) [x16]
  2195 | D        | Round 14.
  2324 | D        | Arena points: 10694 (+2618) [x17]
  2358 | D        | Bought a potion of experience for 300 gold pieces
  2358 | D        | Bought a potion of experience for 300 gold pieces
  2358 | D        | Gained mutation: You may emit foul miasma when damaged in melee. [demonic ancestry]
  2358 | D        | Reached XP level 14. HP: 118/118 MP: 28/28
  2359 | D        | Reached skill level 22 in Invocations
  2359 | D        | Gained mutation: A demonic guardian rushes to your aid. [demonic ancestry]
  2359 | D        | Reached XP level 15. HP: 124/124 MP: 28/30
  2360 | D        | Bought 3 potions of experience for 900 gold pieces
  2360 | D        | Bought 2 potions of experience for 600 gold pieces
  2360 | D        | Reached XP level 16. HP: 131/131 MP: 28/31
  2361 | D        | Reached XP level 17. HP: 137/137 MP: 28/32
  2362 | D        | Gained mutation: Your magical and physical power is slightly enhanced at high health. [demonic ancestry]
  2362 | D        | Reached XP level 18. HP: 144/144 MP: 28/33
  2363 | D        | Gained mutation: A powerful demonic guardian rushes to your aid. [demonic ancestry]
  2363 | D        | Reached XP level 19. HP: 149/151 MP: 28/34
  2364 | D        | Reached XP level 20. HP: 156/158 MP: 29/35
  2387 | D        | Round 15.
  2395 | D        | Noticed Agnes
  2408 | D        | Killed Agnes
  2408 | D        | Arena points: 13829 (+3135) [x19]
  2408 | D        | Reached skill level 10 in Armour
  2412 | D        | Got a mossy rune of Zot
  2413 | D        | Gained mutation: You are completely covered in rough black scales (AC +10, Dex -3). [demonic ancestry]
  2413 | D        | Reached XP level 21. HP: 166/166 MP: 30/36
  2465 | D        | Bought 3 potions of experience for 900 gold pieces
  2465 | D        | Reached skill level 23 in Invocations
  2465 | D        | Gained mutation: You frequently emit foul miasma when damaged in melee. [demonic ancestry]
  2465 | D        | Reached XP level 22. HP: 173/173 MP: 37/37
  2466 | D        | Gained mutation: Your magical and physical power is enhanced at high health. [demonic ancestry]
  2466 | D        | Reached XP level 23. HP: 179/179 MP: 38/38
  2467 | D        | Reached XP level 24. HP: 185/187 MP: 38/38
  2592 | D        | Round 16.
  2604 | D        | Reached skill level 15 in Fighting
  2723 | D        | Arena points: 18629 (+4800) [x20]
  2783 | D        | Round 17.
  2807 | D        | Reached skill level 24 in Invocations
  2835 | D        | Reached skill level 15 in Dodging
  2846 | D        | Arena points: 22556 (+3927) [x21]
  2861 | D        | Round 18.
  2985 | D        | Arena points: 28496 (+5940) [x22]
  3003 | D        | Bought 3 potions of heal wounds for 105 gold pieces
  3003 | D        | Bought 3 potions of heal wounds for 105 gold pieces
  3003 | D        | Bought 3 potions of heal wounds for 105 gold pieces
  3003 | D        | Bought 3 potions of heal wounds for 105 gold pieces
  3006 | D        | Bought 3 potions of heal wounds for 105 gold pieces
  3006 | D        | Bought 3 potions of heal wounds for 105 gold pieces
  3006 | D        | Bought 3 potions of heal wounds for 105 gold pieces
  3006 | D        | Bought 3 potions of heal wounds for 105 gold pieces
  3006 | D        | Bought 3 potions of heal wounds for 105 gold pieces
  3006 | D        | Bought 4 potions of curing for 84 gold pieces
  3006 | D        | Bought 4 potions of curing for 84 gold pieces
  3006 | D        | Bought 4 potions of curing for 84 gold pieces
  3043 | D        | Round 19.
  3069 | D        | Reached skill level 25 in Invocations
  3086 | D        | Arena points: 35925 (+7429) [x23]
  3126 | D        | Round 20.
  3145 | D        | Arena points: 41925 (+6000) [x25]
  3145 | D        | Reached skill level 26 in Invocations
  3149 | D        | Got a silver rune of Zot
  3150 | D        | Reached XP level 25. HP: 204/204 MP: 21/40
  3315 | D        | Round 21.
  3353 | D        | Reached skill level 15 in Armour
  3460 | D        | Arena points: 50661 (+8736) [x26]
  3480 | D        | Bought 6 potions of magic for 336 gold pieces
  3505 | D        | Round 22.
  3508 | D        | Bought a quad damage for 400 gold pieces
  3662 | D        | Arena points: 60759 (+10098) [x27]
  3678 | D        | Bought 3 scrolls of recharging for 285 gold pieces
  3678 | D        | Bought 3 scrolls of recharging for 285 gold pieces
  3678 | D        | Bought 3 scrolls of recharging for 285 gold pieces
  3679 | D        | Bought 3 scrolls of recharging for 285 gold pieces
  3679 | D        | Bought 3 scrolls of recharging for 285 gold pieces
  3679 | D        | Bought 3 scrolls of recharging for 285 gold pieces
  3701 | D        | Bought a wand of hasting (5) for 1080 gold pieces
  3701 | D        | Bought a wand of heal wounds (5) for 1080 gold pieces
  3709 | D        | Round 23.
  3749 | D        | Bought 6 potions of might for 168 gold pieces
  3749 | D        | Bought 6 potions of agility for 168 gold pieces
  3757 | D        | Bought 2 potions of cure mutation for 490 gold pieces
  3784 | D        | Reached skill level 27 in Invocations
  3858 | D        | Arena points: 71063 (+10304) [x28]
  3896 | D        | Round 24.
  3941 | D        | Reached XP level 26. HP: 204/218 MP: 2/40
  3946 | D        | Arena points: 84287 (+13224) [x29]
  3981 | D        | Round 25.
  3991 | D        | Arena points: 95137 (+10850) [x31]
  3995 | D        | Got a slimy rune of Zot
  3999 | D        | Gained mutation: Your magical and physical power is greatly enhanced at high health. [demonic ancestry]
  3999 | D        | Reached XP level 27. HP: 227/227 MP: 10/40
  4088 | D        | Bought 3 royal jellies for 24 gold pieces
  4181 | D        | Round 26.
  4193 | D        | Noticed Boris
  4204 | D        | Killed Boris
  4323 | D        | Noticed Boris
  4333 | D        | Killed Boris
  4333 | D        | Arena points: 107617 (+12480) [x32]
  4376 | D        | Round 27.
  4377 | D        | Noticed an ancient lich
  4381 | D        | Noticed an orb of fire
  4387 | D        | Killed an ancient lich
  4391 | D        | Killed an orb of fire
  4459 | D        | Noticed Tiamat
  4484 | D        | Killed Tiamat
  4522 | D        | Noticed an orb of fire
  4529 | D        | Killed an orb of fire
  4535 | D        | Arena points: 123655 (+16038) [x33]
  4569 | D        | Bought a scorched marble ring for 45 gold pieces
  4569 | D        | Bought a heavily runed silver ring for 45 gold pieces
  4569 | D        | Bought a scorched iron amulet for 45 gold pieces
  4569 | D        | Bought a vibrating lead amulet for 45 gold pieces
  4569 | D        | Bought a heavily runed jade ring for 45 gold pieces
  4569 | D        | Bought a coiled bronze ring for 45 gold pieces
  4569 | D        | Bought a shimmering iron amulet for 45 gold pieces
  4569 | D        | Bought a pitted copper ring for 45 gold pieces
  4569 | D        | Bought a shimmering zirconium amulet for 45 gold pieces
  4569 | D        | Bought a bound iron ring for 45 gold pieces
  4578 | D        | Identified the ring of Remotel {*Drain rF+ Int+4 Dex+5} (You bought it in a shop in the Dungeon)
  4580 | D        | Identified the ring "Saanop" {Wiz Int+3} (You bought it in a shop in the Dungeon)
  4582 | D        | Identified the ring "Fumocke" {Wiz rC+ rN+ Int+4} (You bought it in a shop in the Dungeon)
  4584 | D        | Identified the ring of Compulsion {*Corrode rElec rF+ Int+8 SInv} (You bought it in a shop in the Dungeon)
  4586 | D        | Identified the ring of Zueches {Fire rPois rN+ MR+ Int+2} (You bought it in a shop in the Dungeon)
  4588 | D        | Identified the ring "Yffanor" {SustAt rElec Str+6} (You bought it in a shop in the Dungeon)
  4602 | D        | Identified the amulet "Bogayf" {Ward rElec rN+ Int+2} (You bought it in a shop in the Dungeon)
  4604 | D        | Identified the amulet of Vehumet's Condemnation {Stasis Str+7 Dex+4 Slay-4} (You bought it in a shop in the Dungeon)
  4606 | D        | Identified the amulet of Lenairpha {Gourm Int+3} (You bought it in a shop in the Dungeon)
  4608 | D        | Identified the amulet of Dishonesty {+Rage MP+9} (You bought it in a shop in the Dungeon)
  4621 | D        | Bought an ichor-stained cloak for 332 gold pieces
  4621 | D        | Bought a pair of transparent gloves for 332 gold pieces
  4631 | D        | Identified the +0 cloak of Theory {Int+5 Dex+3} (You bought it in a shop in the Dungeon)
  4652 | D        | Identified the cursed +0 pair of gloves "Taskeuri" {rC+ Dex+2} (You bought it in a shop in the Dungeon)
  4664 | D        | Bought a heavily runed buckler for 332 gold pieces
  4664 | D        | Bought an ichor-stained shield for 332 gold pieces
  4669 | D        | Identified the cursed +0 buckler of Baldness {rElec rF- Int+2 Stlth+} (You bought it in a shop in the Dungeon)
  4670 | D        | Bought a brightly glowing buckler for 332 gold pieces
  4680 | D        | Identified the +0 buckler of Zoepiklu {rElec Str+4 Int+5} (You bought it in a shop in the Dungeon)
  4692 | D        | Identified the +2 shield of the Barracuda {rElec} (You bought it in a shop in the Dungeon)
  4692 | D        | Bought a jewelled large shield for 332 gold pieces
  4702 | D        | Identified the +8 large shield of the Onion {-Tele Int+4} (You bought it in a shop in the Dungeon)
  4732 | D        | Bought a +0 pearl dragon armour for 1200 gold pieces
  4736 | D        | Round 28.
  4742 | D        | Reached skill level 1 in Shields
  4776 | D        | Bought 4 scrolls of enchant armour for 300 gold pieces
  4776 | D        | Bought 4 scrolls of enchant armour for 300 gold pieces
  4785 | D        | Bought 4 scrolls of enchant armour for 300 gold pieces
  4838 | D        | Reached skill level 5 in Shields
  4889 | D        | Arena points: 137935 (+14280) [x34]
  4929 | D        | Round 29.
  4998 | D        | Noticed a juggernaut
  4998 | D        | a titan changed into a juggernaut
  5006 | D        | a juggernaut changed into a shard shrike
  5010 | D        | Noticed a juggernaut
  5010 | D        | a juggernaut changed into a shard shrike
  5011 | D        | Noticed a juggernaut
  5011 | D        | a shard shrike changed into a juggernaut
  5014 | D        | a juggernaut changed into a titan
  5041 | D        | Reached skill level 10 in Shields
  5112 | D        | Arena points: 157220 (+19285) [x35]
  5137 | D        | Bought a quad damage for 400 gold pieces
  5137 | D        | Bought a quad damage for 400 gold pieces
  5149 | D        | Bought 3 scrolls of identify for 150 gold pieces
  5152 | D        | Round 30.
  5165 | D        | Noticed Lom Lobon
  5198 | D        | Killed Lom Lobon
  5198 | D        | Arena points: 174980 (+17760) [x37]
  5237 | D        | Got a magical rune of Zot
  5252 | D        | Bought 4 potions of curing for 84 gold pieces
  5252 | D        | Bought 4 potions of curing for 84 gold pieces
  5252 | D        | Bought 3 potions of heal wounds for 105 gold pieces
  5252 | D        | Bought 3 potions of heal wounds for 105 gold pieces
  5252 | D        | Bought 3 potions of heal wounds for 105 gold pieces
  5260 | D        | Bought 6 potions of magic for 336 gold pieces
  5261 | D        | Bought 6 potions of might for 168 gold pieces
  5261 | D        | Bought 6 potions of agility for 168 gold pieces
  5282 | D        | Bought 4 scrolls of blinking for 300 gold pieces
  5282 | D        | Bought 3 scrolls of blinking for 225 gold pieces
  5282 | D        | Bought 5 scrolls of fog for 100 gold pieces
  5282 | D        | Bought 4 scrolls of fog for 80 gold pieces
  5386 | D        | Round 31.
  5412 | D        | Reached skill level 27 in Unarmed Combat
  5428 | D        | Reached skill level 27 in Fighting
  5449 | D        | Arena points: 196184 (+21204) [x38]
  5481 | D        | Round 32.
  5482 | D        | Bought 5 potions of haste for 350 gold pieces
  5482 | D        | Bought 4 potions of haste for 280 gold pieces
  5482 | D        | Bought 3 potions of haste for 210 gold pieces
  5488 | D        | Noticed an ancient lich
  5494 | D        | Killed an ancient lich
  5500 | D        | Reached skill level 15 in Shields
  5545 | D        | Noticed an ancient lich
  5557 | D        | Killed an ancient lich
  5622 | D        | Reached skill level 27 in Dodging
  5655 | D        | Arena points: 221144 (+24960) [x39]
  5706 | D        | Round 33.
  5707 | D        | Noticed Ereshkigal
  5714 | D        | Killed Ereshkigal
  5714 | D        | Arena points: 244145 (+23001) [x41]
  5714 | D        | Reached skill level 27 in Armour
  5731 | D        | Got a bone rune of Zot
  5766 | D        | Bought 3 royal jellies for 24 gold pieces
  5766 | D        | Bought 3 royal jellies for 24 gold pieces
  5766 | D        | Bought 3 royal jellies for 24 gold pieces
  5766 | D        | Bought 3 royal jellies for 24 gold pieces
  5766 | D        | Bought 3 royal jellies for 24 gold pieces
  5853 | D        | Bought 5 scrolls of fog for 100 gold pieces
  5853 | D        | Bought 4 scrolls of fog for 80 gold pieces
  5853 | D        | Bought 3 scrolls of fog for 60 gold pieces
  5853 | D        | Bought 5 scrolls of blinking for 375 gold pieces
  5853 | D        | Bought 4 scrolls of blinking for 300 gold pieces
  5853 | D        | Bought 3 scrolls of blinking for 225 gold pieces
  5854 | D        | Bought 5 scrolls of blinking for 375 gold pieces
  5854 | D        | Bought 3 scrolls of fog for 60 gold pieces
  5872 | D        | Bought 3 potions of cure mutation for 735 gold pieces
  5873 | D        | Bought 6 potions of magic for 336 gold pieces
  5873 | D        | Bought 6 potions of magic for 336 gold pieces
  5873 | D        | Bought 5 potions of haste for 350 gold pieces
  5873 | D        | Bought 4 potions of haste for 280 gold pieces
  5873 | D        | Bought 3 potions of haste for 210 gold pieces
  5873 | D        | Bought a potion of curing for 21 gold pieces
  5929 | D        | Round 34.
  6067 | D        | Arena points: 278417 (+34272) [x42]
  6079 | D        | Bought 6 potions of resistance for 420 gold pieces
  6103 | D        | Bought 3 scrolls of vulnerability for 225 gold pieces
  6125 | D        | Round 35.
  6268 | D        | Arena points: 319052 (+40635) [x43]
  6326 | D        | Round 36.
  6326 | D        | Noticed Cerebov
  6360 | D        | Killed Cerebov
  6360 | D        | Arena points: 348212 (+29160) [x45]
  6360 | D        | Reached skill level 27 in Shields
  6365 | D        | Got a fiery rune of Zot
  6390 | D        | Bought a book of the Warp for 630 gold pieces
  6396 | D        | Learned a level 5 spell: Phase Shift
  6557 | D        | Round 37.
  6612 | D        | Reached skill level 15 in Spellcasting
  6631 | D        | Reached skill level 10 in Translocations
  6704 | D        | Arena points: 378848 (+30636) [x46]
  6716 | D        | Bought a Necronomicon for 772 gold pieces
  6725 | D        | Learned a level 8 spell: Necromutation
  6729 | D        | Bought a book of Spatial Translocations for 455 gold pieces
  6732 | D        | Learned a level 1 spell: Apportation
  6735 | D        | Learned a level 2 spell: Blink
  6758 | D        | Bought a potion of curing for 21 gold pieces
  6758 | D        | Bought 6 potions of resistance for 420 gold pieces
  6758 | D        | Bought 6 potions of resistance for 420 gold pieces
  6759 | D        | Bought 6 potions of resistance for 420 gold pieces
  6764 | D        | Bought 2 potions of cure mutation for 490 gold pieces
  6769 | D        | Round 38.
  6785 | D        | Reached skill level 1 in Necromancy
  6785 | D        | Reached skill level 1 in Transmutations
  6799 | D        | Reached skill level 5 in Necromancy
  6805 | D        | Reached skill level 15 in Translocations
  6805 | D        | Reached skill level 5 in Transmutations
  6824 | D        | Reached skill level 10 in Necromancy
  6841 | D        | Arena points: 425284 (+46436) [x47]
  6859 | D        | Round 39.
  6859 | D        | Noticed Mnoleg
  6865 | D        | Killed Mnoleg
  6865 | D        | Arena points: 461593 (+36309) [x49]
  6865 | D        | Reached skill level 10 in Transmutations
  6919 | D        | Got a glowing rune of Zot
  6946 | D        | Bought a book of Enchantments for 350 gold pieces
  6953 | D        | Learned a level 6 spell: Haste
  6960 | D        | Learned a level 6 spell: Deflect Missiles
  7073 | D        | Round 40.
  7248 | D        | Arena points: 523593 (+62000) [x50]
  7301 | D        | Round 41.
  7335 | D        | Gained mutation: You occasionally shout uncontrollably at your foes. [a shining eye]
  7355 | D        | Gained mutation: You are clumsy. (Dex -2) [a shining eye]
  7361 | D        | Gained mutation: You are frail (-10% HP). [a shining eye]
  7364 | D        | Reached skill level 15 in Necromancy
  7451 | D        | Arena points: 590505 (+66912) [x51]
  7455 | D        | Lost mutation: You are frail (-10% HP). [potion of cure mutation]
  7455 | D        | Lost mutation: You are clumsy. (Dex -2) [potion of cure mutation]
  7455 | D        | Lost mutation: You occasionally shout uncontrollably at your foes. [potion of cure mutation]
  7486 | D        | Bought 3 potions of cure mutation for 735 gold pieces
  7486 | D        | Bought 2 potions of cure mutation for 490 gold pieces
  7486 | D        | Bought a potion of cure mutation for 245 gold pieces
  7486 | D        | Bought 6 potions of brilliance for 168 gold pieces
  7495 | D        | Bought 6 potions of brilliance for 168 gold pieces
  7510 | D        | Bought an uncursed staff of wizardry for 750 gold pieces
  7521 | D        | Round 42.
  7523 | D        | Noticed Master Blaster
  7529 | D        | Noticed Vustrutru the pandemonium lord
  7542 | D        | Killed Master Blaster
  7542 | D        | Arena points: 635025 (+44520) [x53]
  7549 | D        | Got a demonic rune of Zot
  7744 | D        | Got the Orb of Zot
  7897 | D        | Noticed Voqusodd the pandemonium lord
  7901 | D        | Reached skill level 27 in Spellcasting
  7902 | D        | Killed Voqusodd the pandemonium lord
  7909 | D        | Reached skill level 27 in Necromancy
  7950 | D        | Noticed Muont the pandemonium lord
  7958 | D        | Escaped with the Orb!

Vault maps used:
D:        arena_sprint

Action                   |  1- 3 |  4- 6 |  7- 9 | 10-12 | 13-15 | 16-18 | 19-21 | 22-24 | 25-27 || total
-------------------------+-------+-------+-------+-------+-------+-------+-------+-------+-------++-------
Melee: Unarmed           |     5 |    27 |    18 |   132 |    52 |       |     9 |    72 |   924 ||  1239
 Cast: Phase Shift       |       |       |       |       |       |       |       |       |     3 ||     3
       Necromutation     |       |       |       |       |       |       |       |       |     1 ||     1
Invok: Upheaval          |       |     5 |     6 |    11 |       |       |       |    16 |     2 ||    40
       Disaster Area     |       |       |     1 |     4 |     1 |       |     1 |     6 |    19 ||    32
 Abil: End Transformatio |       |       |       |       |       |       |       |       |     1 ||     1
Evoke: Wand              |     1 |     1 |       |       |       |       |       |     5 |       ||     7
       Rod               |       |       |       |     1 |       |       |       |       |       ||     1
       Quad damage       |       |       |       |       |       |       |       |       |     1 ||     1
  Use: Potion            |       |       |     1 |     3 |     3 |     3 |     3 |     8 |    35 ||    56
       Scroll            |       |       |       |     1 |       |       |       |       |    13 ||    14
 Stab: Distracted        |       |       |       |     4 |     1 |       |       |     1 |     9 ||    15
  Eat: Chunk             |       |       |       |     2 |       |       |       |     1 |     1 ||     4
       Bread ration      |       |       |       |     1 |       |       |       |       |       ||     1
       Royal jelly       |       |       |       |       |       |       |       |       |    10 ||    10
